Workbook

Sheet Saisie
A1: Tableau de bord financier mensuel : saisie
A2: Saisissez chaque mois le réel et, une fois par an, le budget. L'onglet Tableau de bord se met à jour seul.
A3: Numéro de mois (sert aux cumuls) | B3: 1 | C3: 2 | D3: 3 | E3: 4 | F3: 5 | G3: 6 | H3: 7 | I3: 8 | J3: 9 | K3: 10 | L3: 11 | M3: 12
A4: Réel | B4: Janv. | C4: Févr. | D4: Mars | E4: Avr. | F4: Mai | G4: Juin | H4: Juil. | I4: Août | J4: Sept. | K4: Oct. | L4: Nov. | M4: Déc. | N4: Total
A5: Chiffre d'affaires (HT) | B5: 82000 | C5: 78000 | D5: 91000 | E5: 88000 | F5: 93000 | G5: 97000 | H5: 84000 | I5: 61000 | J5: 95000 | K5: 102000 | L5: 98000 | M5: 105000 | N5: =SUM(B5:M5)
A6: Achats consommés | B6: 31000 | C6: 30000 | D6: 35000 | E6: 33000 | F6: 35500 | G6: 37000 | H6: 32000 | I6: 24000 | J6: 36000 | K6: 39000 | L6: 37500 | M6: 40000 | N6: =SUM(B6:M6)
A7: Charges de personnel | B7: 34000 | C7: 34000 | D7: 34000 | E7: 34500 | F7: 34500 | G7: 34500 | H7: 35000 | I7: 35000 | J7: 35000 | K7: 35500 | L7: 35500 | M7: 38000 | N7: =SUM(B7:M7)
A8: Autres charges d'exploitation | B8: 9500 | C8: 9200 | D8: 9800 | E8: 9600 | F8: 10100 | G8: 10400 | H8: 9300 | I8: 8800 | J8: 10000 | K8: 10600 | L8: 10300 | M8: 11000 | N8: =SUM(B8:M8)
A9: Trésorerie en fin de mois | B9: 64000 | C9: 60000 | D9: 66000 | E9: 69000 | F9: 72000 | G9: 78000 | H9: 74000 | I9: 58000 | J9: 63000 | K9: 71000 | L9: 76000 | M9: 84000 | N9: =M9
A10: Créances clients en fin de mois | B10: 96000 | C10: 92000 | D10: 101000 | E10: 99000 | F10: 104000 | G10: 108000 | H10: 97000 | I10: 88000 | J10: 106000 | K10: 112000 | L10: 109000 | M10: 115000 | N10: =M10
A11: Dettes fournisseurs en fin de mois | B11: 41000 | C11: 39000 | D11: 44000 | E11: 42000 | F11: 45000 | G11: 47000 | H11: 41000 | I11: 36000 | J11: 46000 | K11: 49000 | L11: 47000 | M11: 51000 | N11: =M11
A12: Effectif (ETP) | B12: 12 | C12: 12 | D12: 12 | E12: 12.5 | F12: 12.5 | G12: 12.5 | H12: 13 | I12: 13 | J12: 13 | K12: 13 | L12: 13 | M12: 14 | N12: =M12
A14: Budget | B14: Janv. | C14: Févr. | D14: Mars | E14: Avr. | F14: Mai | G14: Juin | H14: Juil. | I14: Août | J14: Sept. | K14: Oct. | L14: Nov. | M14: Déc. | N14: Total
A15: Chiffre d'affaires (HT) | B15: 80000 | C15: 80000 | D15: 90000 | E15: 90000 | F15: 90000 | G15: 95000 | H15: 85000 | I15: 60000 | J15: 95000 | K15: 100000 | L15: 100000 | M15: 105000 | N15: =SUM(B15:M15)
A16: Achats consommés | B16: 30000 | C16: 30000 | D16: 34000 | E16: 34000 | F16: 34000 | G16: 36000 | H16: 32000 | I16: 23000 | J16: 36000 | K16: 38000 | L16: 38000 | M16: 40000 | N16: =SUM(B16:M16)
A17: Charges de personnel | B17: 34000 | C17: 34000 | D17: 34000 | E17: 34000 | F17: 34000 | G17: 34000 | H17: 35000 | I17: 35000 | J17: 35000 | K17: 35000 | L17: 35000 | M17: 37000 | N17: =SUM(B17:M17)
A18: Autres charges d'exploitation | B18: 9500 | C18: 9500 | D18: 9500 | E18: 9500 | F18: 10000 | G18: 10000 | H18: 10000 | I18: 9000 | J18: 10000 | K18: 10000 | L18: 10000 | M18: 10500 | N18: =SUM(B18:M18)
A19: Trésorerie en fin de mois | B19: 60000 | C19: 58000 | D19: 62000 | E19: 66000 | F19: 70000 | G19: 76000 | H19: 72000 | I19: 55000 | J19: 60000 | K19: 68000 | L19: 74000 | M19: 80000 | N19: =M19

Sheet Tableau de bord
A1: Tableau de bord financier
A2: Marge, résultat, trésorerie et BFR, réel contre budget, mois par mois et en cumul. Tout se calcule depuis l'onglet Saisie.
A3: Mois analysé (1 à 12) | B3: 6
A5: Indicateur | B5: Mois : réel | C5: Mois : budget | D5: Écart | E5: Écart % | F5: Cumul réel | G5: Cumul budget | H5: Écart cumul | I5: Écart cumul %
A6: Chiffre d'affaires | B6: =INDEX(Saisie!$B$5:$M$5,$B$3) | C6: =INDEX(Saisie!$B$15:$M$15,$B$3) | D6: =B6-C6 | E6: =IF(C6=0,0,D6/C6) | F6: =SUMIF(Saisie!$B$3:$M$3,"<="&$B$3,Saisie!$B$5:$M$5) | G6: =SUMIF(Saisie!$B$3:$M$3,"<="&$B$3,Saisie!$B$15:$M$15) | H6: =F6-G6 | I6: =IF(G6=0,0,H6/G6)
A7: Achats consommés | B7: =INDEX(Saisie!$B$6:$M$6,$B$3) | C7: =INDEX(Saisie!$B$16:$M$16,$B$3) | D7: =B7-C7 | E7: =IF(C7=0,0,D7/C7) | F7: =SUMIF(Saisie!$B$3:$M$3,"<="&$B$3,Saisie!$B$6:$M$6) | G7: =SUMIF(Saisie!$B$3:$M$3,"<="&$B$3,Saisie!$B$16:$M$16) | H7: =F7-G7 | I7: =IF(G7=0,0,H7/G7)
A8: Marge brute | B8: =INDEX(Saisie!$B$5:$M$5,$B$3)-INDEX(Saisie!$B$6:$M$6,$B$3) | C8: =INDEX(Saisie!$B$15:$M$15,$B$3)-INDEX(Saisie!$B$16:$M$16,$B$3) | D8: =B8-C8 | E8: =IF(C8=0,0,D8/C8) | F8: =SUMIF(Saisie!$B$3:$M$3,"<="&$B$3,Saisie!$B$5:$M$5)-SUMIF(Saisie!$B$3:$M$3,"<="&$B$3,Saisie!$B$6:$M$6) | G8: =SUMIF(Saisie!$B$3:$M$3,"<="&$B$3,Saisie!$B$15:$M$15)-SUMIF(Saisie!$B$3:$M$3,"<="&$B$3,Saisie!$B$16:$M$16) | H8: =F8-G8 | I8: =IF(G8=0,0,H8/G8)
A9: Charges de personnel | B9: =INDEX(Saisie!$B$7:$M$7,$B$3) | C9: =INDEX(Saisie!$B$17:$M$17,$B$3) | D9: =B9-C9 | E9: =IF(C9=0,0,D9/C9) | F9: =SUMIF(Saisie!$B$3:$M$3,"<="&$B$3,Saisie!$B$7:$M$7) | G9: =SUMIF(Saisie!$B$3:$M$3,"<="&$B$3,Saisie!$B$17:$M$17) | H9: =F9-G9 | I9: =IF(G9=0,0,H9/G9)
A10: Autres charges d'exploitation | B10: =INDEX(Saisie!$B$8:$M$8,$B$3) | C10: =INDEX(Saisie!$B$18:$M$18,$B$3) | D10: =B10-C10 | E10: =IF(C10=0,0,D10/C10) | F10: =SUMIF(Saisie!$B$3:$M$3,"<="&$B$3,Saisie!$B$8:$M$8) | G10: =SUMIF(Saisie!$B$3:$M$3,"<="&$B$3,Saisie!$B$18:$M$18) | H10: =F10-G10 | I10: =IF(G10=0,0,H10/G10)
A11: Excédent brut d'exploitation | B11: =INDEX(Saisie!$B$5:$M$5,$B$3)-INDEX(Saisie!$B$6:$M$6,$B$3)-INDEX(Saisie!$B$7:$M$7,$B$3)-INDEX(Saisie!$B$8:$M$8,$B$3) | C11: =INDEX(Saisie!$B$15:$M$15,$B$3)-INDEX(Saisie!$B$16:$M$16,$B$3)-INDEX(Saisie!$B$17:$M$17,$B$3)-INDEX(Saisie!$B$18:$M$18,$B$3) | D11: =B11-C11 | E11: =IF(C11=0,0,D11/C11) | F11: =SUMIF(Saisie!$B$3:$M$3,"<="&$B$3,Saisie!$B$5:$M$5)-SUMIF(Saisie!$B$3:$M$3,"<="&$B$3,Saisie!$B$6:$M$6)-SUMIF(Saisie!$B$3:$M$3,"<="&$B$3,Saisie!$B$7:$M$7)-SUMIF(Saisie!$B$3:$M$3,"<="&$B$3,Saisie!$B$8:$M$8) | G11: =SUMIF(Saisie!$B$3:$M$3,"<="&$B$3,Saisie!$B$15:$M$15)-SUMIF(Saisie!$B$3:$M$3,"<="&$B$3,Saisie!$B$16:$M$16)-SUMIF(Saisie!$B$3:$M$3,"<="&$B$3,Saisie!$B$17:$M$17)-SUMIF(Saisie!$B$3:$M$3,"<="&$B$3,Saisie!$B$18:$M$18) | H11: =F11-G11 | I11: =IF(G11=0,0,H11/G11)
A12: Trésorerie en fin de mois | B12: =INDEX(Saisie!$B$9:$M$9,$B$3) | C12: =INDEX(Saisie!$B$19:$M$19,$B$3) | D12: =B12-C12 | E12: =IF(C12=0,0,D12/C12) | F12: =INDEX(Saisie!$B$9:$M$9,$B$3) | G12: =INDEX(Saisie!$B$19:$M$19,$B$3) | H12: =F12-G12 | I12: =IF(G12=0,0,H12/G12)
A14: Ratios du mois analysé | B14: Valeur | C14: Repère | D14: Lecture
A15: Taux de marge brute | B15: =IF(B6=0,0,B8/B6) | D15: Marge brute divisée par le chiffre d'affaires
A16: Taux d'EBE | B16: =IF(B6=0,0,B11/B6) | D16: EBE divisé par le chiffre d'affaires
A17: Charges de personnel sur chiffre d'affaires | B17: =IF(B6=0,0,B9/B6) | D17: Part du chiffre d'affaires absorbée par la masse salariale
A18: BFR d'exploitation (créances moins dettes fournisseurs) | B18: =INDEX(Saisie!$B$10:$M$10,$B$3)-INDEX(Saisie!$B$11:$M$11,$B$3) | D18: Besoin financé par la trésorerie
A19: Délai clients (jours de chiffre d'affaires) | B19: =IF(INDEX(Saisie!$B$5:$M$5,$B$3)=0,0,INDEX(Saisie!$B$10:$M$10,$B$3)/(INDEX(Saisie!$B$5:$M$5,$B$3)*1.2)*30) | D19: Créances TTC rapportées au chiffre d'affaires TTC du mois, sur 30 jours
A20: Délai fournisseurs (jours d'achats) | B20: =IF(INDEX(Saisie!$B$6:$M$6,$B$3)=0,0,INDEX(Saisie!$B$11:$M$11,$B$3)/(INDEX(Saisie!$B$6:$M$6,$B$3)*1.2)*30) | D20: Dettes TTC rapportées aux achats TTC du mois, sur 30 jours
A21: Chiffre d'affaires par ETP (cumul) | B21: =IF(INDEX(Saisie!$B$12:$M$12,$B$3)=0,0,F6/INDEX(Saisie!$B$12:$M$12,$B$3)) | D21: Productivité apparente
A22: Mois de charges couverts par la trésorerie | B22: =IF((B9+B10+B7)=0,0,B12/(B9+B10+B7)) | D22: Trésorerie divisée par les charges décaissables du mois
A24: La colonne Repère est à vous : notez votre objectif ou la norme de votre secteur pour chaque ratio. La TVA est prise à 20 % dans les délais de paiement.

Sheet Notice
A1: Notice d'utilisation
A3: Cellules à remplir : texte bleu sur fond jaune pâle. Les autres cellules contiennent des formules, ne les écrasez pas.
A4: Les montants d'exemple sont des ordres de grandeur, à remplacer par vos propres chiffres.
A5: Onglet Saisie :
A6: Une ligne par indicateur, une colonne par mois. Le réel se saisit chaque mois à partir de la comptabilité ou de la banque ; le budget se saisit une fois par an, mensualisé selon votre saisonnalité et non divisé par douze.
A7: Onglet Tableau de bord :
A8: Choisissez le mois analysé dans la cellule jaune. Le tableau affiche le mois seul et le cumul depuis janvier, réel contre budget, puis les ratios du mois avec leur mode de calcul.
A9: L'excédent brut d'exploitation est approché par chiffre d'affaires moins achats, personnel et autres charges d'exploitation : il ne tient pas compte des amortissements ni du résultat financier.
A10: Pour aller plus loin :
A11: Budgetic produit ce tableau de bord directement depuis vos écritures comptables et votre budget, par entité et par axe analytique, sans ressaisie : app.budgetic.eu.
A13: Modèle proposé par Budgetic, budgetic.eu. Libre d'usage.
